 Dungeon Crawl Stone Soup version 0.32-a0-986-ga09f62fbf4 (webtiles) character file.

Game seed: 12062947854515928671

2696 oldriver the Warrior (level 9, -3/103 HPs)
             Began as an Oni Shapeshifter on Apr 18, 2024.
             Was a Follower of Hepliaklqana.
             Slain by Grum
             ... wielding a +1 spear
              (16 damage)
             ... on level 8 of the Dungeon on Apr 21, 2024.
             The game lasted 00:12:18 (8987 turns).

oldriver the Warrior (Oni Shapeshifter)             Turns: 8987, Time: 00:12:19

Health: -3/103     AC:  6    Str: 24    XL:     9   Next: 65%
Magic:  9/9        EV:  9    Int: 11    God:    Hepliaklqana [*.....]
Gold:   359        SH:  0    Dex: 14    Spells: 8/8 levels left

rFire   . . .        b - +0 dagger (venom)
rCold   . . .        (no shield)
rNeg    . . .        a - +0 animal skin
rPois   .            (helmet restricted)
rElec   .            A - +2 cloak
rCorr   .            (gloves unavailable)
SInv    .            (boots unavailable)
Will    +....        o - amulet of the acrobat
Stlth   +            m - ring of willpower
HPRegen 0.37/turn    i - +6 ring of dexterity
MPRegen 0.11/turn

%: acrobat
@: no status effects
A: reduced essence, large, unfitting armour, horns 1, tough skin 1, double
potion healing, drunken brawling
a: Renounce Religion, Recall Ancestor, Ancestor Identity


You were on level 8 of the Dungeon.
You worshipped Hepliaklqana.
Hepliaklqana was aware of your devotion.
You visited 2 branches of the dungeon, and saw 9 of its levels.

You collected 359 gold pieces.

Inventory:

Hand Weapons
 b - a +0 dagger of venom (weapon)
 H - a +1 flail of holy wrath
 I - a +0 war axe
Missiles
 f - 20 stones (quivered)
 g - 6 boomerangs
Armour
 a - a +0 animal skin (worn)
 A - a +2 cloak (worn)
Jewellery
 i - a +6 ring of dexterity (right hand)
 m - a ring of willpower (left hand)
 o - an amulet of the acrobat (around neck)
Talismans
 c - a beast talisman
 d - a flux talisman
Wands
 D - a wand of roots (10)
Scrolls
 h - 2 scrolls of enchant armour {unknown}
 q - a scroll of fear
 r - 2 scrolls of immolation {unknown}
 t - a scroll of blinking {unknown}
 u - 5 scrolls of teleportation {unknown}
 y - 2 scrolls of poison {unknown}
 z - a scroll of summoning {unknown}
 E - 4 scrolls of amnesia {unknown}
 F - a scroll of vulnerability {unknown}
 G - a scroll of enchant weapon
 J - a scroll of identify
Potions
 e - 3 potions of magic
 j - a potion of invisibility {unknown}
 p - 2 potions of mutation
 s - a potion of berserk rage {unknown}
 v - a potion of cancellation {unknown}
 w - a potion of might {unknown}
 x - a potion of enlightenment {unknown}
 B - 4 potions of brilliance {unknown}
 C - 2 potions of haste {unknown}


   Skills:
 + Level 15.5 Fighting
 - Level 4.0 Throwing
 - Level 1.7 Dodging
 - Level 2.6 Unarmed Combat
 - Level 3.0 Shapeshifting


You had 8 spell levels left.
You didn't know any spells.
Your spell library contained the following spells:

 Spells                   Type           Power      Damage    Failure   Level
 Apportation              Tloc           0%         N/A       34%         1
 Necrotise                Necr           0%         1d4       34%         1
 Sting                    Conj/Alch      0%         1d3       34%         1
 Summon Small Mammal      Summ           0%         N/A       34%         1
 Ensorcelled Hibernation  Hex/Ice        0%         N/A       47%         2
 Call Canine Familiar     Summ           0%         N/A       71%         3
 Fugue of the Fallen      Necr           0%         N/A       71%         3
 Sigil of Binding         Hex            0%         N/A       71%         3
 Stone Arrow              Conj/Erth      0%         3d7       71%         3
 Anguish                  Hex/Necr       0%         N/A       98%         4
 Animate Armour           Summ/Erth      0%         N/A       98%         4
 Dimensional Bullseye     Hex/Tloc       0%         N/A       98%         4
 Seismic Cannonade        Alch/Erth      0%         6d4       100%        7
 Lehudib's Crystal Spear  Conj/Erth      0%         10d2      100%        8


Dungeon Overview and Level Annotations

Branches:
Dungeon (8/15)             Temple (1/1) D:4
   Lair: D:8-11

Altars:
Ashenzari
Cheibriados
Dithmenos
Elyvilon
Gozag
Hepliaklqana
Kikubaaqudgha
Makhleb
Nemelex Xobeh
Okawaru
Qazlal
Sif Muna
Trog
Vehumet
Wu Jian
Xom
Yredelemnul
Zin
The Shining One

Shops:
D:1 ?

Annotations:
D:4 1 runed translucent door, Crazy Yiuf
D:8 Grum


Innate Abilities, Weirdness & Mutations

Your life essence is reduced to manifest your ancestor. (-10% HP)
You are too large for most types of armour.
You have a pair of small horns on your head.
You have tough skin. (AC +1)
You gain doubled healing and magic from potions.
Whenever you drink a healing potion, you attack all around you.


Message History

Grum is moderately wounded.
Grum stares intently and barks.
Grum hits you from afar with a +1 spear.
* * * LOW HITPOINT WARNING * * *
You hear the faint creaking of a portcullis nearby.
Grum closely misses you.
Unknown command.
You barely miss Grum.
Grum is moderately wounded.
Grum closely misses you.
Unknown command.
You hit Grum.
Grum looks as sick as possible!
Grum is heavily wounded.
Grum barely misses you.
You hit Grum but do no damage.
Grum looks as sick as possible!
Grum is severely wounded.
Grum hits you with a +1 spear.
* * * LOW HITPOINT WARNING * * *
Unknown command.
You hit Grum but do no damage.
Grum looks as sick as possible!
Grum is severely wounded.
Grum shouts, "King!
Good boy!"
Grum hits you with a +1 spear!
* * * LOW HITPOINT WARNING * * *
You hit Grum but do no damage. You headbutt Grum, but do no damage.
Grum is severely wounded.
Grum barely misses you.
Unknown command.
You hit Grum but do no damage.
Grum looks as sick as possible!
You headbutt Grum, but do no damage.
Grum is severely wounded.
Grum hits you with a +1 spear!
* * * LOW HITPOINT WARNING * * *
Unknown command.
You take a swig of the potion and twirl your +0 dagger of venom.
You hit Grum.
Grum looks as sick as possible!
Grum is almost dead.
You savour every drop.
You feel better. Grum hits you with a +1 spear!
You die...
Hepliaklqana delivers you to your ancestors.

# ###### . #....#
#. #....#
###.###....#
.......<..######
###.#...........#
................#
...##....>.....#
##.##†@........#
#.###g#########
#.###(#
#####.##(.#
...#.#:(##
#...#.## ##..#.##
###h.....# #
#...#.##...#


You could see Grum (extremely poisoned).

Vanquished Creatures
  Grinder (D:5)
  Sigmund (D:4)
  Eustachio (D:6)
  2 steam dragons (D:6)
  2 water moccasins
  An orc warrior (D:7)
  3 wolves (D:8)
  An ice beast (D:4)
  An ogre (D:5)
  2 centaurs
  2 scorpions
  A gnoll sergeant (D:5)
  2 bullfrog zombies (D:7)
  A hound (D:6)
  A jelly (D:5)
  2 orc priests
  2 iguanas (D:6)
  A sleepcap (D:4)
  4 orc wizards
  2 killer bee zombies (D:7)
  4 gnolls
  11 adders
  A white imp (D:7)
  4 ufetubi
  2 dart slugs
  2 ribbon worms
  12 orcs
  6 bats
  7 endoplasms
  10 giant cockroaches
  7 hobgoblins
  A jackal (D:2)
  5 quokkas
  5 ball pythons
  5 frilled lizards
  7 goblins
  6 kobolds
  4 rats
132 creatures vanquished.

Vanquished Creatures (collateral kills)
  A hornet zombie (D:7)
  A scorpion (D:7)
  A bullfrog zombie (D:7)
  A centaur zombie (D:7)
  2 orcs (D:7)
6 creatures vanquished.

Vanquished Creatures (others)
  4 ancestors
4 creatures vanquished.

Grand Total: 142 creatures vanquished

Notes
Turn   | Place    | Note
-------+----------+-------------------------------------------
     0 | D:1      | oldriver the Oni Shapeshifter began the quest for the Orb.
     0 | D:1      | Reached XP level 1. HP: 19/19 MP: 1/1
    21 | D:1      | Reached skill level 2 in Fighting
   116 | D:1      | Reached XP level 2. HP: 29/29 MP: 2/2
   140 | D:1      | Reached skill level 3 in Fighting
   509 | D:1      | Found Ylecep's Magic Scroll Emporium.
   796 | D:1      | Reached XP level 3. HP: 39/39 MP: 3/3
  1071 | D:2      | Reached skill level 4 in Fighting
  1355 | D:2      | Reached skill level 5 in Fighting
  1355 | D:2      | Reached XP level 4. HP: 34/50 MP: 4/4
  1900 | D:3      | Reached skill level 6 in Fighting
  1939 | D:3      | Reached XP level 5. HP: 43/59 MP: 5/5
  2056 | D:3      | You fall into a shaft and drop 3 floors!
  2065 | D:5      | Entered Level 5 of the Dungeon
  2086 | D:5      | Reached skill level 7 in Fighting
  2348 | D:5      | Noticed Grinder
  2368 | D:5      | Killed Grinder
  2369 | D:5      | Reached skill level 8 in Fighting
  2369 | D:5      | Reached XP level 6. HP: 37/74 MP: 6/6
  2488 | D:4      | Noticed Sigmund
  2509 | D:4      | Killed Sigmund
  2510 | D:4      | Reached skill level 9 in Fighting
  2510 | D:4      | Reached XP level 7. HP: 54/83 MP: 7/7
  3729 | D:4      | Reached skill level 10 in Fighting
  3900 | D:4      | Found a staircase to the Ecumenical Temple.
  3963 | Temple   | Entered the Ecumenical Temple
  3964 | Temple   | Upgraded the game from 0.32-a0-975-g85d4e5bfdb to
                  | 0.32-a0-986-ga09f62fbf4
  3992 | D:4      | Found a broken altar of Ashenzari.
  3998 | D:4      | Found a glowing silver altar of Zin.
  4133 | D:5      | Identified the +1 short sword of War {freeze, rF+ Int+2}
  4177 | D:5      | Found a shadowy altar of Dithmenos.
  4836 | D:4      | Found an ancient bone altar of Kikubaaqudgha.
  4881 | D:4      | Found an ornate altar of the Wu Jian Council.
  4925 | D:4      | Reached XP level 8. HP: 66/96 MP: 8/8
  5025 | Temple   | Became a worshipper of Hepliaklqana the Forgotten
  5355 | D:4      | Found a runed translucent door.
  5356 | D:4      | Noticed Crazy Yiuf
  5460 | D:6      | Found a stormy altar of Qazlal.
  5635 | D:6      | Reached skill level 11 in Fighting
  5944 | D:6      | Noticed Eustachio
  6081 | D:6      | Killed Eustachio
  6297 | D:6      | Reached skill level 12 in Fighting
  6664 | D:6      | Reached skill level 13 in Fighting
  6664 | D:6      | Reached XP level 9. HP: 77/110 MP: 9/9
  7564 | D:7      | Reached * piety under Hepliaklqana
  7577 | D:7      | Found a white marble altar of Elyvilon.
  7591 | D:7      | Reached skill level 14 in Fighting
  8512 | D:7      | Found a basalt altar of Yredelemnul.
  8520 | D:7      | Reached skill level 15 in Fighting
  8942 | D:8      | Noticed Grum
  8966 | D:8      | HP: 5/103 [wolf[Grum] (4)]
  8986 | D:8      | HP: 2/103 [Grum/+1 spear (15)]
  8987 | D:8      | Slain by Grum

Illustrated notes

Levels and vault maps discovered:
D:1:      nzn_arrival_depleted_hourglass, layout_loops_ring, serial_shops,
          nicolae_shop_advertising_works [nicolae_subvault_shop_adworks],
          nicolae_eternal_life
D:2:      layout_rooms, minmay_between
D:3:      layout_loops_ring, gup_sewer_entry_bubbles
D:4:      layout_loops_ring, old_standard_altar, nicolae_overflow_crystal_walls,
          minitemple, minmay_temple_entry_nine_rooms, uniq_sigmund,
          uniq_crazy_yiuf_cottage
D:5:      layout_gridville, grunt_dithmenos_smoke_and_mirrors, uniq_grinder
D:6:      layout_basic, mainiacjoe_overflow_cross_hatched, uniq_eustachio
D:7:      layout_basic, nicolae_yredelemnul_corpse_copse,
          mainiacjoe_overflow_concentric_impassable
D:8:      layout_rooms, enter_bailey_5, einodemon_armed_red_devil_minivault,
          uniq_grum, uniq_prince_ribbit1
Temple:   nicolae_temple_bog_church

Skill      XL: |  1  2  3  4  5  6  7  8  9 |
---------------+----------------------------+-----
Fighting       | 2 3 5 6 8 9 10 13 15 | 15.5
Throwing       | 2 3 4 |  4.0
Dodging        | |  1.7
Unarmed Combat | |  2.6
Shapeshifting  | |  3.0

Action                     |  1- 3 |  4- 6 |  7- 9 || total
---------------------------+-------+-------+-------++-------
  Melee: Unarmed           |    97 |   109 |    68 ||   274
         Headbutt          |    12 |     9 |    84 ||   105
         Punch             |     2 |     2 |     1 ||     5
         Dagger            |       |       |   307 ||   307
  Throw: Dart              |       |    10 |     9 ||    19
         Boomerang         |       |     2 |       ||     2
         Stone             |       |       |    49 ||    49
Ability: Begin Untransform |       |       |     1 ||     1
  Evoke: Wand              |       |       |     1 ||     1
    Use: Scroll            |       |     3 |     2 ||     5
         Potion            |       |       |     9 ||     9
   Stab: Sleeping          |     2 |       |       ||     2
 Armour: Animal skin       |    55 |    86 |   410 ||   551
         Skin              |       |       |    20 ||    20
  Dodge: Dodged            |    42 |    58 |   263 ||   363

Table legend: (Time is in decaauts)
 A = Elapsed time spent in this place.
 B = Non-inter-level travel time spent in this place.
 C = Inter-level travel time spent in this place.
 D = Time resting spent in this place.
 E = Time spent auto-exploring this place.
 F = Levels seen in this place.
 G = Mean time per level.
                   A        B        C        D        E       F      G
               +--------+--------+--------+--------+--------+-----+--------+
         Total |   8971 |   8400 |    571 |   1431 |   5357 |   9 |  996.8 |
       Dungeon |   8890 |   8358 |    532 |   1431 |   5317 |   8 | 1111.2 |
        Temple |     81 |     42 |     39 |      0 |     40 |   1 |   81.0 |
               +--------+--------+--------+--------+--------+-----+--------+

Top non-repeatable levels by time:
     D:7: 1721 daAuts
     D:5: 1672 daAuts
     D:4: 1325 daAuts
     D:6: 1266 daAuts
     D:3: 1085 daAuts
     D:1: 1063 daAuts
     D:2: 685 daAuts
  Temple: 81 daAuts
     D:8: 70 daAuts
